 Dungeon Crawl Stone Soup version 0.30-a0-1103-g25895a7845 (webtiles) character file.

Game seed: 17901742009490007821

101 Arzdou the Insei (level 4, -1/32 HPs)
             Began as a Demonspawn Transmuter on Apr 18, 2023.
             Slain by a gnoll
             ... wielding a +0 spear
              (3 damage)
             ... on level 2 of the Dungeon.
             The game lasted 00:04:01 (1471 turns).

Arzdou the Insei (Demonspawn Transmuter)            Turns: 1471, Time: 00:04:01

Health: -1/32      AC:  5    Str: 12    XL:     4   Next: 48%
Magic:  6/7        EV: 12    Int: 14    God:
Gold:   76         SH:  0    Dex: 14    Spells: 6/7 levels left

rFire   . . .      SeeInvis .      - Unarmed
rCold   . . .      Faith    .    (no shield)
rNeg    . . .      Spirit   .    a - +0 robe
rPois   .          Reflect  .    (no helmet)
rElec   .          Rampage  .    (no cloak)
rCorr   .                        (no gloves)
Will    .....                    (no boots)
Stlth   +                        (no amulet)
HPRegen 0.25/turn                (no ring)
MPRegen 0.10/turn                (no ring)

@: very slightly contaminated, studying Poison Magic
A: icy blue scales 2, weakness stinger 1
a: no special abilities


You were on level 2 of the Dungeon.
You visited 1 branch of the dungeon, and saw 2 of its levels.

You collected 76 gold pieces.

Inventory:

Missiles
 e - 43 stones
Armour
 a - a +0 robe (worn)
Jewellery
 f - a ring of fire
Scrolls
 d - 3 scrolls of identify {unknown}
Potions
 b - 2 potions of might {unknown}


   Skills:
 + Level 1.1 Fighting
 + Level 2.1 Dodging
 + Level 0.1 Stealth
 * Level 4.1 Unarmed Combat
 + Level 2.3 Spellcasting
 * Level 2.3 Transmutations


You had 6 spell levels left.
You knew the following spells:

 Your Spells              Type           Power      Damage    Failure   Level
a - Beastly Appendage     Tmut           16%        N/A       9%          1

Your spell library contained the following spells:

 Spells                   Type           Power      Damage    Failure   Level
 Wereblood                Tmut           8%         N/A       13%         2
 Spider Form              Tmut/Pois      4%         N/A       38%         3
 Call Canine Familiar     Summ           1%         N/A       56%         3
 Portal Projectile        Hex/Tloc       2%         N/A       56%         3
 Ice Form                 Ice/Tmut       4%         N/A       80%         4
 Leda's Liquefaction      Hex/Erth       0%         N/A       92%         4


Dungeon Overview and Level Annotations

Branches:
Dungeon (2/15)

Altars:


Innate Abilities, Weirdness & Mutations

You are mostly covered in icy blue scales. (AC +3)
You have a small tail.


Message History

You headbutt the gnoll, but do no damage.
The gnoll is heavily wounded.
The gnoll misses you. The gnoll barely misses you.
You hit the gnoll. You claw the gnoll.
You kill the gnoll!
Your horns disappear.
Your talons disappear.
The gnoll hits you from afar with a +0 spear.
Your Unarmed Combat skill increases to level 4!
You hit the endoplasm but do no damage.
You tail-slap the endoplasm, but do no damage.
The gnoll hits you from afar with a +0 spear.
The endoplasm freezes you.
You are frozen.
You punch the endoplasm!
You kill the endoplasm!
The gnoll hits you but does no damage. The gnoll barely misses you.
You barely miss the gnoll. The gnoll hits you but does no damage.
You hit the gnoll.
The gnoll is moderately wounded.
The gnoll misses you.
You miscast Beastly Appendage.
You are very lightly contaminated with residual magic.
Nothing appears to happen.
The gnoll hits you with a +0 spear.
You hit the gnoll.
Your tail-slap misses the gnoll.
The gnoll is severely wounded.
The gnoll hits you with a +0 spear.
* * * LOW HITPOINT WARNING * * *
You hit the gnoll.
The gnoll is almost dead.
The gnoll hits you with a +0 spear.
* * * LOW HITPOINT WARNING * * *
You hit the gnoll.
The gnoll is almost dead.
The gnoll hits you with a +0 spear.
* * * LOW HITPOINT WARNING * * *
You hit the gnoll but do no damage.
The gnoll is almost dead.
The gnoll hits you with a +0 spear.
You die...

......,,...#...* **,****
......,,....$..* *,,..*
...###,,.......####....*
.#..##..,,#.......Jg...*
.......##****#.†##*,,,,*
.........,,,*##..#*,,,,*
##.#...###*** ##)#*,,,,*
##.......# #g#******
...#..##.# #@#
#......#.## #.#
..÷).#....# #.##
....†.....## #..#
<#.#†..##..## ##.#
...###......#####.# .###
####.....>...### .#
#.......#...#
.########.......#.#.##


You could see a gnoll.

Vanquished Creatures
  Robin (D:2)
  2 gnolls (D:2)
  A worm (D:2)
  4 dart slugs
  4 ball pythons
  2 endoplasms (D:2)
  11 goblins (D:2)
  3 hobgoblins
  8 jackals
  4 kobolds
  2 quokkas (D:2)
  6 bats
  3 frilled lizards
  3 rats
54 creatures vanquished.

Notes
Turn   | Place    | Note
-------+----------+-------------------------------------------
     0 | D:1      | Arzdou the Demonspawn Transmuter began the quest for the
                  | Orb.
     0 | D:1      | Reached XP level 1. HP: 15/15 MP: 3/3
   167 | D:1      | Reached skill level 3 in Unarmed Combat
   320 | D:1      | Gained mutation: You are partially covered in icy blue
                  | scales. (AC +2) [demonic ancestry]
   320 | D:1      | Reached XP level 2. HP: 18/21 MP: 3/5
   874 | D:2      | Gained mutation: You are mostly covered in icy blue scales.
                  | (AC +3) [demonic ancestry]
   874 | D:2      | Reached XP level 3. HP: 23/26 MP: 6/6
  1075 | D:2      | Noticed Robin
  1107 | D:2      | Killed Robin
  1110 | D:2      | Gained mutation: You have a small tail. [demonic ancestry]
  1110 | D:2      | Reached XP level 4. HP: 5/31 MP: 7/7
  1460 | D:2      | Reached skill level 4 in Unarmed Combat
  1471 | D:2      | Slain by a gnoll

Illustrated notes

Levels and vault maps discovered:
D:1:      dpeg_arrival_tiny_c, layout_loops_cross, patterned_corridor
D:2:      layout_rooms, uniq_robin

Skill      XL: |  1  2  3  4 |
---------------+-------------+-----
Unarmed Combat | 3 4 |  4.1
Dodging        | 2 |  2.1
Transmutations | 2 |  2.3
Fighting       | |  1.1
Stealth        | |  0.1
Spellcasting   | |  2.3

Action                     |  1- 3 |  4- 6 || total
---------------------------+-------+-------++-------
  Melee: Unarmed           |   122 |    42 ||   164
         Headbutt          |    15 |     3 ||    18
         Kick              |    13 |     7 ||    20
         Punch             |     1 |     1 ||     2
         Tailslap          |       |     1 ||     1
   Cast: Beastly Appendage |    17 |     4 ||    21
    Use: Potion            |     2 |       ||     2
         Scroll            |     1 |       ||     1
   Stab: Sleeping          |     1 |       ||     1
 Armour: Robe              |    41 |    17 ||    58
         Skin              |    32 |     3 ||    35
  Dodge: Dodged            |    77 |    17 ||    94

Table legend: (Time is in decaauts)
 A = Elapsed time spent in this place.
 B = Non-inter-level travel time spent in this place.
 C = Inter-level travel time spent in this place.
 D = Time resting spent in this place.
 E = Time spent auto-exploring this place.
 F = Levels seen in this place.
 G = Mean time per level.
                   A        B        C        D        E       F      G
               +--------+--------+--------+--------+--------+-----+--------+
         Total |   1459 |   1441 |     18 |    114 |   1006 |   2 |  729.5 |
       Dungeon |   1459 |   1441 |     18 |    114 |   1006 |   2 |  729.5 |
               +--------+--------+--------+--------+--------+-----+--------+

Top non-repeatable levels by time:
     D:1: 849 daAuts
     D:2: 609 daAuts
